 Dungeon Crawl Stone Soup version 0.22.1-2-g9c5b331 (webtiles) character file.

115 HoaS the Ruffian (level 5, -1/32 HPs)
             Began as a Gargoyle Berserker on Dec 25, 2018.
             Was a Believer of Trog.
             Slain by Sigmund
             ... wielding a +1 scythe of protection
              (3 damage)
             ... on level 3 of the Dungeon.
             The game lasted 00:06:36 (2363 turns).

HoaS the Ruffian (Gargoyle Berserker)               Turns: 2363, Time: 00:06:36

Health: -1/32      AC: 13    Str: 21    XL:     5   Next: 0%
Magic:  5/5        EV: 11    Int:  7    God:    Trog [**....]
Gold:   92         SH:  0    Dex: 10    Spells: 4/4 levels left

rFire    . . .     SeeInvis .     - Unarmed
rCold    . . .     Gourm    .   (no shield)
rNeg     + . .     Faith    .   p - +1 leather armour
rPois    ∞         Spirit   .   (no helmet)
rElec    +         Reflect  .   l - +1 cloak {+Inv}
rCorr    .         Harm     .   f - +2 pair of gloves
MR       .....                  (no boots)
Stlth    +.........             (no amulet)
HPRegen  0.10/turn              (no ring)
MPRegen  0.09/turn              (no ring)

@: berserk cooldown
A: negative energy resistance 1, electricity resistance, unbreathing,
petrification resistance, rot immunity, AC +4
a: Berserk, Trog's Hand, Renounce Religion, Evoke Invisibility


You were on level 3 of the Dungeon.
You worshipped Trog.
Trog was pleased with you.
You were not hungry.

You visited 1 branch of the dungeon, and saw 3 of its levels.

You collected 92 gold pieces.

Inventory:

Armour
 f - a +2 pair of gloves (worn)
 l - a +1 cloak of invisibility (worn)
 p - a +1 leather armour (worn)
Jewellery
 o - an uncursed ring of ice
Scrolls
 e - a scroll of amnesia
 j - a scroll of remove curse
Potions
 c - 2 potions of agility {unknown}
 d - 2 potions of invisibility {unknown}
 g - a potion of flight {unknown}
 i - a potion of curing {unknown}
 k - 4 potions of degeneration {unknown}
Comestibles
 b - 4 rations


   Skills:
 * Level 3.6 Fighting
 + Level 2.4 Armour
 + Level 1.7 Dodging
 * Level 5.1 Unarmed Combat


You had 4 spell levels left.
You didn't know any spells.
Your spell library was empty.

Dungeon Overview and Level Annotations

Branches:
Dungeon (3/15)

Altars:

Annotations:
D:3 Sigmund


Innate Abilities, Weirdness & Mutations

You are resistant to torment.
Your stone body is resilient. (AC +4)
You are immune to poison.
You resist negative energy. (rN+)
You are resistant to electric shocks. (rElec)
You can survive without breathing.
You are immune to petrification.
You are immune to rotting.


Message History

Sigmund is moderately wounded.
Sigmund says, "I'm your fate."
Sigmund hits you with a scythe of protection!
You hit Sigmund but do no damage.
Sigmund is moderately wounded.
Sigmund mumbles some strange words.
Sigmund flickers and vanishes!
Deactivating autopickup; reactivate with Ctrl-A.
You miss something. Something hits you!
* * * LOW HITPOINT WARNING * * *
You closely miss something.
You hear some strange, mumbled words.
Something tries to affect you, but you resist.
You hit something. Something hits you.
* * * LOW HITPOINT WARNING * * *
You miss something. You punch something. Something hits you but does no damage.
You miss something.
You feel yourself speed up. Something hits you.
You die...

.# .# . .#
.. #.# ...
##..#....
#........
###..#.....
##..{.......
#..@..##....
........#.##
...
#####...#.#
. #.###.# #.
#.# #. #.#
#. ..# .#


There were no monsters in sight!

Vanquished Creatures
  Crazy Yiuf (D:2)
  3 adders (D:2)
  A worm (D:2)
  A dart slug (D:1)
  4 leopard geckos
  3 giant cockroaches
  4 goblins
  6 hobgoblins
  6 jackals
  A quokka (D:2)
  A ball python (D:1)
  8 bats
  5 frilled lizards
  3 kobolds (D:1)
  5 rats
  A fungus (D:2)
53 creatures vanquished.

Notes
Turn   | Place    | Note
-------+----------+-------------------------------------------
     0 | D:1      | HoaS the Gargoyle Berserker began the quest for the Orb.
     0 | D:1      | Reached XP level 1. HP: 14/14 MP: 1/1
    34 | D:1      | You fall through a shaft!
   136 | D:2      | Reached XP level 2. HP: 8/19 MP: 2/2
   141 | D:2      | Reached skill level 4 in Unarmed Combat
   141 | D:2      | Reached XP level 3. HP: 8/23 MP: 3/3
  1145 | D:1      | Reached ** piety under Trog
  1170 | D:1      | Reached XP level 4. HP: 28/28 MP: 4/4
  1780 | D:2      | Reached skill level 5 in Unarmed Combat
  2275 | D:2      | Found a runed door.
  2279 | D:2      | Noticed Crazy Yiuf
  2290 | D:2      | Killed Crazy Yiuf
  2334 | D:3      | Noticed Sigmund
  2348 | D:3      | Reached XP level 5. HP: 24/32 MP: 5/5
  2363 | D:3      | Slain by Sigmund

Skill      XL: |  1  2  3  4 |
---------------+-------------+-----
Unarmed Combat | 4 5 |  5.1
Fighting       | |  3.6
Armour         | |  2.4
Dodging        | |  1.7

Action                   |  1- 3 |  4- 6 || total
-------------------------+-------+-------++-------
Melee: Unarmed           |   129 |    79 ||   208
       Punch             |     1 |     3 ||     4
Invok: Berserk           |     1 |     1 ||     2
  Use: Scroll            |     2 |     4 ||     6
 Stab: Sleeping          |     1 |     1 ||     2
  Eat: Chunk             |     2 |     4 ||     6
Armor: Animal skin       |    55 |     5 ||    60
       Leather armour    |       |    13 ||    13
Dodge: Dodged            |    88 |    42 ||   130
